 Dungeon Crawl Stone Soup version 0.25-a0-523-g9afb2ee040 (webtiles) character file.

Game seed: 7109667421898997751, levelgen mode: classic

11 EnegeticOcto the Shield-Bearer (level 2, -1/27 HPs)
             Began as a Deep Dwarf Fighter on Feb 18, 2020.
             Slain by Grinder (6 damage)
             ... on level 3 of the Dungeon.
             The game lasted 00:00:12 (176 turns).

EnegeticOcto the Shield-Bearer (Deep Dwarf Fighter)  Turns: 176, Time: 00:00:12

Health: -1/27      AC:  6    Str: 19    XL:     2   Next: 17%
Magic:  2/2        EV:  7    Int:  8    God:
Gold:   0          SH:  9    Dex: 12    Spells: 1/1 levels left

rFire    . . .     SeeInvis .   a - +0 war axe
rCold    . . .     Gourm    .   c - +0 kite shield
rNeg     . . .     Faith    .   b - +0 scale mail
rPois    .         Spirit   .   (no helmet)
rElec    .         Reflect  .   (no cloak)
rCorr    .         Harm     .   (no gloves)
MR       .....                  (no boots)
Stlth    ..........             (no amulet)
HPRegen  0.00/turn              (no ring)
MPRegen  0.08/turn              (no ring)

@: non-regenerating
A: damage resistance, heal wounds, sense surroundings 1, no regeneration
a: Heal Wounds


You were on level 3 of the Dungeon.
You were not hungry.

You visited 1 branch of the dungeon, and saw 3 of its levels.

Inventory:

Hand Weapons
 a - a +0 war axe (weapon)
Armour
 b - a +0 scale mail (worn)
 c - a +0 kite shield (worn)
Jewellery
 d - an uncursed amulet of faith {unknown}
Scrolls
 g - a scroll of remove curse {unknown}
Potions
 k - a potion of might {@q3}
Comestibles
 e - a ration
 f - 4 chunks of flesh


   Skills:
 * Level 2.8 Fighting
 * Level 2.6 Axes
 + Level 3.3 Armour
 + Level 0.4 Dodging
 + Level 3.4 Shields


You had one spell level left.
You didn't know any spells.
Your spell library was empty.

Dungeon Overview and Level Annotations

Branches:
Dungeon (3/15)

Altars:

Annotations:
D:3 Grinder


Innate Abilities, Weirdness & Mutations

You are resistant to damage.
You can heal yourself by infusing magical energy.
You passively map a small area around you.
You do not regenerate.


Message History

You kill the goblin!
A ball python comes into view.
The hobgoblin barely misses you.
You barely miss the hobgoblin.
The hobgoblin hits you but does no damage.
Your scale mail prevents you from hitting Grinder.
You hit the hobgoblin but do no damage. Grinder barely misses you.
A bullfrog skeleton comes into view.
You block the hobgoblin's attack. Grinder hits you.
You writhe in agony.
You block the hobgoblin's attack.
You slash Grinder!
Grinder is lightly wounded.
You hit the hobgoblin. Grinder gestures at you.
You suddenly lose the ability to move!
The hobgoblin barely misses you.
The ball python bites you but does no damage.
The ball python grabs you. The ball python constricts you. Grinder hits you.
You writhe in agony.
The hobgoblin hits you. The ball python bites you.
The ball python constricts you. Grinder hits you but does no damage.
The ball python bites you but does no damage.
The ball python constricts you.
The hobgoblin hits you but does no damage.
You can move again.
You closely miss the ball python. You hit the hobgoblin.
You kill the hobgoblin!
Your scale mail prevents you from hitting Grinder.
You hit the bullfrog skeleton.
The ball python bites you but does no damage.
The ball python constricts you. Grinder hits you!
You writhe in agony.
The bullfrog skeleton hits you. You block the ball python's attack.
The ball python constricts you. Grinder hits you but does no damage.
You fail to use your ability.
You block the bullfrog skeleton's attack.
You block the ball python's attack. The ball python constricts you.
Grinder hits you.
The bullfrog skeleton hits you but does no damage.
You fail to use your ability.
The ball python bites you but does no damage.
The ball python constricts you.
The bullfrog skeleton barely misses you.
Grinder blinks!
You feel much better. The ball python bites you.
The ball python constricts you. The bullfrog skeleton hits you.
You block the ball python's attack. The ball python constricts you.
You fail to use your ability.
You block the bullfrog skeleton's attack.
The ball python bites you but does no damage.
The ball python constricts you. The bullfrog skeleton hits you.
You feel much better. The ball python bites you.
The ball python constricts you.
You block the bullfrog skeleton's attack.
Grinder gestures at you. Pain shoots through your body!
You hit the ball python.
You kill the ball python!
You slash the bullfrog skeleton!
You block the bullfrog skeleton's attack.
The bullfrog skeleton hits you.
Your shield and scale mail prevent you from hitting the bullfrog skeleton.
The bullfrog skeleton is heavily damaged.
You hit Grinder.
Grinder says, "Tell me all your secrets, or I'll kill you."
Grinder hits you.
You writhe in agony.
You block the bullfrog skeleton's attack.
Grinder hits you.
You writhe in agony.
The bullfrog skeleton hits you but does no damage.
Your shield and scale mail prevent you from hitting the bullfrog skeleton.
The bullfrog skeleton is heavily damaged.
Your shield and scale mail prevent you from hitting Grinder.
The bullfrog skeleton completely misses you.
You block Grinder's attack. The bullfrog skeleton hits you.
You barely miss the bullfrog skeleton.
The bullfrog skeleton is heavily damaged.
You closely miss Grinder.
Grinder blinks!
The bullfrog skeleton hits you.
You slash the bullfrog skeleton!
The bullfrog skeleton is severely damaged.
The bullfrog skeleton hits you.
A giant cockroach comes into view.
The bullfrog skeleton hits you.
Grinder says, "Don't move a muscle."
You hit the bullfrog skeleton.
The bullfrog skeleton is severely damaged.
You block the bullfrog skeleton's attack.
The bullfrog skeleton hits you but does no damage.
You hit the bullfrog skeleton but do no damage.
The bullfrog skeleton is severely damaged.
You slash Grinder!
The bullfrog skeleton completely misses you.
You block Grinder's attack.
You block the bullfrog skeleton's attack.
You hit the bullfrog skeleton.
The bullfrog skeleton is almost destroyed.
You hit Grinder. The bullfrog skeleton hits you. Grinder hits you!
* * * LOW HITPOINT WARNING * * *
You writhe in agony.
* * * LOW HITPOINT WARNING * * *
You block the bullfrog skeleton's attack.
Grinder hits you!
You die...

* #.........# *
#.........#
#.........# * *
* #.........#
#.......... **
#####.........#
*
..............#
,......†@).....#
,
,......s5Z.....#
..............#
,
#####....!..###
, #.#...<...
#.#..>..... , ,
#.#........ ,
#.......... , *
, ,


You could see Grinder, a giant cockroach and a bullfrog skeleton.

Vanquished Creatures
  A leopard gecko (D:3)
  A bat (D:3)
  2 goblins
  3 hobgoblins
  A ball python (D:3)
  A frilled lizard (D:2)
9 creatures vanquished.

Notes
Turn   | Place    | Note
-------+----------+-------------------------------------------
     0 | D:1      | EnegeticOcto the Deep Dwarf Fighter began the quest for the
                  | Orb.
     0 | D:1      | Reached XP level 1. HP: 20/20 MP: 1/1
   153 | D:3      | Noticed Grinder
   156 | D:3      | Reached XP level 2. HP: 24/27 MP: 2/2
   160 | D:3      | Paralysed by Grinder for 3 turns
   176 | D:3      | Slain by Grinder

Levels and vault maps discovered:
D:1:      onia_arrival_pyramid, layout_basic, minmay_tall_x
D:2:      layout_basic, lemuel_crystal_altar, first_ration,
          minmay_split_cup_small, uniq_terence, uniq_crazy_yiuf_cottage
D:3:      layout_rooms, bloody_trog, uniq_grinder

Action                   || total
-------------------------++-------
Melee: War axe           ||    42
 Abil: Heal Wounds       ||     2
Armor: Scale mail        ||    25
Dodge: Dodged            ||    16
Block: Kite shield       ||    25

Table legend:
 A = Non-vault XP
 B = Vault XP
 C = Vault XP percentage of total XP
 D = Non-vault monster count
 E = Vault monster count
 F = Vault count percentage of total count
                 A         B        C        D         E       F
            +---------+---------+-------+---------+---------+-------
      Total |      17 |       0 |   0.0 |       9 |       0 |   0.0
            +---------+---------+-------+---------+---------+-------
        D:1 |       4 |       0 |   0.0 |       2 |       0 |   0.0
        D:2 |       3 |       0 |   0.0 |       2 |       0 |   0.0
        D:3 |      10 |       0 |   0.0 |       5 |       0 |   0.0
            +---------+---------+-------+---------+---------+-------
